MLB
MINNESOTA TWINS @ OAKLAND ATHLETICS
09/06/2039
 
TOP OF THE 1ST
Minnesota Twins batting - Pitching for Oakland Athletics : RHP Phil Tumbling
Pitching: RHP Phil Tumbling
Batting: LHB Vince Best 0-0: Ball
1-0: Swinging Strike
1-1: Ball
2-1: Called Strike
2-2: Foul Ball, location: 2F
2-2: Foul Ball, location: 2F
2-2: SINGLE (Groundball, 4MD, EV 95.0 MPH)
Batting: RHB Dan Williams 0-0: DOUBLE (Line Drive, 9LS, EV 103.8 MPH)
Vince Best to third
Batting: RHB Steve Masters 0-0: Foul Ball, location: 9LSF
0-1: Called Strike
0-2: Ball
1-2: Strikes out looking
Batting: LHB Tony Tavarez 0-0: Foul Ball, location: 2F
0-1: Foul Ball, location: 2F
0-2: Fly out, F9 (Flyball, 9D, EV 100.6 MPH)
Runner from 3rd tags up, SCORES, no throw by RF
Dan Williams to third
Batting: RHB Sergio Perez 0-0: TRIPLE (Flyball, 78XD, EV 96.9 MPH)
Dan Williams scores
Batting: LHB Ismael Meza 0-0: Ball
1-0: Called Strike
1-1: Foul Ball, location: 3FF
1-2: Ball
2-2: Ball
3-2: Ground out U3 (Groundball, 3, EV 106.9 MPH)
Top of the 1st over - 2 runs, 3 hits, 0 errors, 1 left on base; Minnesota 2 - Oakland 0
BOTTOM OF THE 1ST
Oakland Athletics batting - Pitching for Minnesota Twins : RHP Mike Ramsey
Pitching: RHP Mike Ramsey
Batting: RHB Josh Strunk 0-0: Called Strike
0-1: Swinging Strike
0-2: Foul Ball, location: 2F
0-2: Ball
1-2: Foul Ball, location: 9LDF
1-2: Ground out 5-3 (Groundball, 56, EV 106.9 MPH)
Batting: RHB Jonathan Gibbs 0-0: Ball
1-0: Called Strike
1-1: Called Strike
1-2: Ground out 6-3 (Groundball, 56, EV 83.8 MPH)
Batting: LHB Eric Boatright 0-0: Called Strike
0-1: Foul Ball, location: 23F
0-2: Ball
1-2: Ball
2-2: Ball
3-2: Foul Ball, location: 2F
3-2: SINGLE (Line Drive, 34D, EV 110.0 MPH)
Batting: RHB Ken Ruiz 0-0: Swinging Strike
0-1: Called Strike
0-2: Ball
1-2: Ball
Wild Pitch!
Eric Boatright to second
2-2: Fly out, F3 (Popup, 3F, EV 75.0 MPH)
Bottom of the 1st over - 0 runs, 1 hit, 0 errors, 1 left on base; Minnesota 2 - Oakland 0
TOP OF THE 2ND
Minnesota Twins batting - Pitching for Oakland Athletics : RHP Phil Tumbling
Batting: RHB Marvin Gonzalez 0-0: Ball
1-0: Ball
2-0: Ball
3-0: Called Strike
3-1: Called Strike
3-2: SINGLE (Line Drive, 8RS, EV 106.3 MPH)
Batting: LHB Izaac Pacheco 0-0: Ball
1-0: Swinging Strike
1-1: Called Strike
1-2: Foul Ball, location: 3SF
1-2: Grounds into double play, 5-4-3 (Groundball, 6, EV 98.1 MPH)
Batting: RHB Kimble Schuessler 0-0: SINGLE (Groundball, 6MD, EV 96.9 MPH)
Batting: LHB Vince Best 0-0: Ball
Kimble Schuessler steals 2nd base
1-0: Ball
2-0: DOUBLE (Flyball, 78XD, EV 110.6 MPH)
Kimble Schuessler scores
Batting: RHB Dan Williams 0-0: Called Strike
0-1: Foul Ball, location: 2F
0-2: DOUBLE (Flyball, 8RXD, EV 110.0 MPH)
Vince Best scores
Batting: RHB Steve Masters 0-0: Called Strike
0-1: Swinging Strike
0-2: Ball
1-2: Fly out, F9 (Flyball, 9LMF, EV 100.0 MPH)
Top of the 2nd over - 2 runs, 4 hits, 0 errors, 1 left on base; Minnesota 4 - Oakland 0
BOTTOM OF THE 2ND
Oakland Athletics batting - Pitching for Minnesota Twins : RHP Mike Ramsey
Batting: RHB Nate Gordon 0-0: Called Strike
0-1: Foul Ball, location: 7LMF
0-2: Strikes out swinging
Batting: LHB Zach Minix 0-0: Called Strike
0-1: Swinging Strike
0-2: Foul Ball, location: 25FF
0-2: Ball
1-2: Ball
2-2: Strikes out swinging
Batting: LHB Jamie Papendick 0-0: Called Strike
0-1: Swinging Strike
0-2: Ball
1-2: Ball
2-2: Ball
3-2: Fly out, F7 (Flyball, 7, EV 96.3 MPH)
Bottom of the 2nd over - 0 runs, 0 hits, 0 errors, 0 left on base; Minnesota 4 - Oakland 0
TOP OF THE 3RD
Minnesota Twins batting - Pitching for Oakland Athletics : RHP Phil Tumbling
Batting: LHB Tony Tavarez 0-0: Foul Ball, location: 7LSFF
0-1: Swinging Strike
0-2: Ball
1-2: Ground out 4-3 (Groundball, 4, EV 88.1 MPH)
Batting: RHB Sergio Perez 0-0: Swinging Strike
0-1: Foul Ball, location: 7LSF
0-2: Foul Ball, location: 3FF
0-2: Strikes out swinging
Batting: LHB Ismael Meza 0-0: Foul Ball, location: 2F
0-1: Ball
1-1: Swinging Strike
1-2: Ground out U3 (Groundball, 3, EV 86.3 MPH)
Top of the 3rd over - 0 runs, 0 hits, 0 errors, 0 left on base; Minnesota 4 - Oakland 0
BOTTOM OF THE 3RD
Oakland Athletics batting - Pitching for Minnesota Twins : RHP Mike Ramsey
Batting: RHB Edwin Barragan 0-0: Ball
1-0: Ball
2-0: Ball
3-0: Called Strike
3-1: Fly out, F7 (Flyball, 7, EV 78.1 MPH)
Batting: LHB Edgar Morin 0-0: Ball
1-0: Foul Ball, location: 3FF
1-1: Ground out 3-1 (Groundball, 34, EV 86.9 MPH)
Batting: RHB Josh Strunk 0-0: Foul Ball, location: 2F
0-1: TRIPLE (Line Drive, 89XD, EV 106.9 MPH)
Batting: RHB Jonathan Gibbs 0-0: Called Strike
0-1: DOUBLE (Line Drive, 7LM, EV 109.4 MPH)
Josh Strunk scores
Batting: LHB Eric Boatright 0-0: Ball
1-0: Ball
2-0: Called Strike
2-1: Foul Ball, location: 7LSF
2-2: SINGLE (Line Drive, 89S, EV 110.6 MPH)
Jonathan Gibbs to third
Runner from 3rd tries for Home, SAFE, throw by RF to home
Batting: RHB Ken Ruiz 0-0: Foul Ball, location: 9LSF
0-1: Ground out 4-3 (Groundball, 4, EV 83.1 MPH)
Bottom of the 3rd over - 2 runs, 3 hits, 0 errors, 1 left on base; Minnesota 4 - Oakland 2
TOP OF THE 4TH
Minnesota Twins batting - Pitching for Oakland Athletics : RHP Phil Tumbling
Batting: RHB Marvin Gonzalez 0-0: Called Strike
0-1: Ball
1-1: Ground out 1-3 (Groundball, 15S, EV 63.8 MPH)
Batting: LHB Izaac Pacheco 0-0: Ball
1-0: Foul Ball, location: 7LSF, Error on foul ball, E7
1-1: Ball
2-1: Called Strike
2-2: Ball
3-2: Fly out, F8 (Line Drive, 89M, EV 83.8 MPH)
Batting: RHB Kimble Schuessler 0-0: Ball
1-0: Ball
2-0: Ball
3-0: Called Strike
3-1: DOUBLE (Line Drive, 7LM, EV 101.9 MPH)
Batting: LHB Vince Best 0-0: Ground out 1-3 (Groundball, 13S, EV 67.5 MPH)
Top of the 4th over - 0 runs, 1 hit, 1 error, 1 left on base; Minnesota 4 - Oakland 2
BOTTOM OF THE 4TH
Oakland Athletics batting - Pitching for Minnesota Twins : RHP Mike Ramsey
Batting: RHB Nate Gordon 0-0: Ball
1-0: Foul Ball, location: 2F
1-1: Ball
2-1: Foul Ball, location: 2F
2-2: Foul Ball, location: 9LSFF
2-2: Foul Ball, location: 7LSFF
2-2: Ball
3-2: TRIPLE (Flyball, 9LD, EV 87.5 MPH)
Batting: LHB Zach Minix 0-0: Ball
1-0: Swinging Strike
1-1: Swinging Strike
1-2: Ball
2-2: Strikes out looking
Batting: LHB Jamie Papendick 0-0: Ball
1-0: SINGLE (Line Drive, 56D, EV 99.4 MPH)
Nate Gordon scores
Batting: RHB Edwin Barragan 0-0: Called Strike
Jamie Papendick steals 2nd base
0-1: Ball
1-1: Ground out 6-3 (Groundball, 6S, EV 70.6 MPH)
Jamie Papendick to third
Batting: LHB Edgar Morin 0-0: Ball
1-0: Ball
2-0: Ball
3-0: Foul Ball, location: 23F
3-1: Base on Balls
Batting: RHB Josh Strunk 0-0: Ball
1-0: Called Strike
1-1: Fly out, F5 (Line Drive, 56, EV 68.8 MPH)
Bottom of the 4th over - 1 run, 2 hits, 0 errors, 2 left on base; Minnesota 4 - Oakland 3
TOP OF THE 5TH
Minnesota Twins batting - Pitching for Oakland Athletics : RHP Phil Tumbling
Batting: RHB Dan Williams 0-0: SINGLE (Line Drive, 56, EV 110.0 MPH)
Batting: RHB Steve Masters 0-0: Ball
1-0: Foul Ball, location: 9LMF
1-1: Fly out, F9 (Flyball, 9LM, EV 93.1 MPH)
Batting: LHB Tony Tavarez 0-0: Ball
1-0: Called Strike
1-1: Fly out, F6 (Popup, 6MD, EV 57.5 MPH)
Batting: RHB Sergio Perez 0-0: Foul Ball, location: 9LSF
0-1: Foul Ball, location: 2F
0-2: Ball
1-2: Foul Ball, location: 9LDF
1-2: Foul Ball, location: 25F
1-2: Strikes out swinging
Top of the 5th over - 0 runs, 1 hit, 0 errors, 1 left on base; Minnesota 4 - Oakland 3
BOTTOM OF THE 5TH
Oakland Athletics batting - Pitching for Minnesota Twins : RHP Mike Ramsey
Batting: RHB Jonathan Gibbs 0-0: Called Strike
0-1: Swinging Strike
0-2: Ball
1-2: Foul Ball, location: 5F
1-2: Foul Ball, location: 2F
1-2: Fly out, F7 (Flyball, 7S, EV 96.3 MPH)
Batting: LHB Eric Boatright 0-0: Ball
1-0: Ball
2-0: Called Strike
2-1: Called Strike
2-2: Strikes out looking
Batting: RHB Ken Ruiz 0-0: Ball
1-0: Called Strike
1-1: Fly out, F7 (Line Drive, 7LS, EV 85.6 MPH)
Bottom of the 5th over - 0 runs, 0 hits, 0 errors, 0 left on base; Minnesota 4 - Oakland 3
TOP OF THE 6TH
Minnesota Twins batting - Pitching for Oakland Athletics : RHP Phil Tumbling
Batting: LHB Ismael Meza 0-0: Ball
1-0: Called Strike
1-1: Swinging Strike
1-2: Foul Ball, location: 5DF
1-2: Strikes out swinging
Batting: RHB Marvin Gonzalez 0-0: Ball
1-0: Ball
2-0: Called Strike
2-1: Ground out 6-3 (Groundball, 56, EV 90.0 MPH)
Pitching: RHP Tomas Berenguer
Batting: LHB Izaac Pacheco 0-0: Called Strike
0-1: Ball
1-1: Foul Ball, location: 7LDF
1-2: Foul Ball, location: 9LDF
1-2: Ball
2-2: Ball
3-2: Base on Balls
Batting: RHB Kimble Schuessler 0-0: Ball
1-0: Called Strike
1-1: Ball
2-1: Fly out, F5 (Popup, 5S, EV 88.8 MPH)
Top of the 6th over - 0 runs, 0 hits, 0 errors, 1 left on base; Minnesota 4 - Oakland 3
BOTTOM OF THE 6TH
Oakland Athletics batting - Pitching for Minnesota Twins : RHP Mike Ramsey
Batting: RHB Nate Gordon 0-0: Called Strike
0-1: Foul Ball, location: 9LSF
0-2: Ball
1-2: Fly out, F9 (Flyball, 9, EV 77.5 MPH)
Batting: LHB Zach Minix 0-0: Ball
1-0: Foul Ball, location: 2F
1-1: SINGLE (Groundball, 4M, EV 95.6 MPH)
Batting: LHB Jamie Papendick 0-0: SINGLE (Line Drive, 9LM, EV 97.5 MPH)
Zach Minix to second
Pinch Runner at 2nd Rodolfo Rosales:
Pinch Hitting: LHB Joe Salazar 0-0: Ball
1-0: Ball
2-0: Foul Ball, location: 2F
2-1: SINGLE (Groundball, 34S, EV 73.1 MPH) (infield hit)
Rodolfo Rosales to third
Jamie Papendick to second
Pitching: RHP Ethan Neblett
Batting: LHB Edgar Morin 0-0: Ball
1-0: Swinging Strike
1-1: Fly out, F7 (Flyball, 7LM, EV 98.8 MPH)
Runner from 3rd tags up, SCORES, no throw by LF
Batting: RHB Josh Strunk 0-0: Ball
1-0: Called Strike
1-1: Swinging Strike
1-2: Ball
2-2: SINGLE (Line Drive, 34, EV 108.8 MPH)
Jamie Papendick to third
Joe Salazar to second
Runner from 3rd tries for Home, SAFE, throw by RF to home
Joe Salazar to third
Josh Strunk to second
Batting: RHB Jonathan Gibbs 0-0: Foul Ball, location: 2F
0-1: Ball
1-1: Foul Ball, location: 5SF
1-2: Foul Ball, location: 2F
1-2: SINGLE (Line Drive, 7S, EV 97.5 MPH)
Joe Salazar scores
Josh Strunk to third
Runner from 3rd tries for Home, SAFE, throw by LF to home
Batting: LHB Eric Boatright 0-0: Ball
1-0: Ball
2-0: Ball
3-0: Base on Balls
Jonathan Gibbs to second
Batting: RHB Ken Ruiz 0-0: 3-RUN HOME RUN (Flyball, 7LD, EV 97.5 MPH), Distance : 356 ft
Pitching: RHP David Thompson
Batting: RHB Nate Gordon 0-0: Foul Ball, location: 2F
0-1: Swinging Strike
0-2: Ball
1-2: Strikes out swinging
Bottom of the 6th over - 7 runs, 6 hits, 0 errors, 0 left on base; Minnesota 4 - Oakland 10
TOP OF THE 7TH
Minnesota Twins batting - Pitching for Oakland Athletics : RHP Tomas Berenguer
Now at SS: T.J. Browning
Batting: LHB Vince Best 0-0: Reached on error, E6 (Groundball, 6MD, EV 96.3 MPH)
Batting: RHB Dan Williams 0-0: Fly out, F7 (Line Drive, 7LD, EV 86.3 MPH)
Batting: RHB Steve Masters 0-0: Called Strike
Vince Best steals 2nd base
0-1: Ball
1-1: Fly out, F8 (Flyball, 89XD, EV 92.5 MPH)
Runner from 2nd tags up, SAFE at 3rd, no throw by CF
Batting: LHB Tony Tavarez 0-0: Ball
1-0: Ball
2-0: Called Strike
2-1: Foul Ball, location: 2F
2-2: Foul Ball, location: 3DF
2-2: Foul Ball, location: 7LMF
2-2: 2-RUN HOME RUN (Flyball, 9LD, EV 95.0 MPH), Distance : 354 ft
Batting: RHB Sergio Perez 0-0: Called Strike
0-1: Ball
1-1: Ball
2-1: Foul Ball, location: 9LSF
2-2: DOUBLE (Flyball, 78XD, EV 92.5 MPH)
Batting: LHB Ismael Meza 0-0: Ball
1-0: Ball
2-0: Ball
3-0: Fly out, F9 (Flyball, 9S, EV 89.4 MPH)
Top of the 7th over - 2 runs, 2 hits, 1 error, 1 left on base; Minnesota 6 - Oakland 10
BOTTOM OF THE 7TH
Oakland Athletics batting - Pitching for Minnesota Twins : RHP David Thompson
Batting: LHB Rodolfo Rosales 0-0: Fly out, F8 (Flyball, 8RS, EV 87.5 MPH)
Batting: LHB Jamie Papendick 0-0: DOUBLE (Flyball, 89D, EV 105.0 MPH)
Batting: LHB T.J. Browning 0-0: Ball
1-0: Foul Ball, location: 3F
1-1: Ball
2-1: Ball
3-1: Foul Ball, location: 2F
3-2: Strikes out swinging
Batting: LHB Edgar Morin 0-0: Swinging Strike
0-1: Foul Ball, location: 3F
0-2: Strikes out looking
Bottom of the 7th over - 0 runs, 1 hit, 0 errors, 1 left on base; Minnesota 6 - Oakland 10
TOP OF THE 8TH
Minnesota Twins batting - Pitching for Oakland Athletics : RHP Tomas Berenguer
Pitching: RHP Jake Gelof
Batting: RHB Marvin Gonzalez 0-0: Called Strike
0-1: Foul Ball, location: 3FF
0-2: Ball
1-2: Ball
2-2: Foul Ball, location: 7LDF
2-2: Foul Ball, location: 5F
2-2: Foul Ball, location: 2F
2-2: Ground out 4-3 (Groundball, 4M, EV 83.8 MPH)
Batting: LHB Izaac Pacheco 0-0: Called Strike
0-1: Called Strike
0-2: Foul Ball, location: 2F
0-2: Ball
1-2: TRIPLE (Line Drive, 78XD, EV 110.6 MPH)
Batting: RHB Kimble Schuessler 0-0: Foul Ball, location: 9LMF
0-1: Ball
1-1: Ball
2-1: SINGLE (Groundball, 56, EV 104.4 MPH) (infield hit)
Izaac Pacheco scores
Batting: LHB Vince Best 0-0: Grounds into double play, 4-6-3 (Groundball, 4, EV 84.4 MPH)
Top of the 8th over - 1 run, 2 hits, 0 errors, 0 left on base; Minnesota 7 - Oakland 10
BOTTOM OF THE 8TH
Oakland Athletics batting - Pitching for Minnesota Twins : RHP David Thompson
Batting: RHB Josh Strunk 0-0: Ball
1-0: Foul Ball, location: 3F
1-1: Ground out 5-3 (Groundball, 6S, EV 86.3 MPH)
Batting: RHB Jonathan Gibbs 0-0: Called Strike
0-1: Ball
1-1: Ground out 6-3 (Groundball, 6, EV 101.3 MPH)
Batting: LHB Eric Boatright 0-0: Fly out, F9 (Flyball, 9, EV 98.1 MPH)
Bottom of the 8th over - 0 runs, 0 hits, 0 errors, 0 left on base; Minnesota 7 - Oakland 10
TOP OF THE 9TH
Minnesota Twins batting - Pitching for Oakland Athletics : RHP Jake Gelof
Pitching: RHP Chris Styons
Batting: RHB Dan Williams 0-0: Called Strike
0-1: Ground out 3-1 (Groundball, 34S, EV 78.8 MPH)
Batting: RHB Steve Masters 0-0: Ball
1-0: Called Strike
1-1: Swinging Strike
1-2: Strikes out swinging
Batting: LHB Tony Tavarez 0-0: Ball
1-0: Foul Ball, location: 3DF
1-1: Ball
2-1: Foul Ball, location: 2F
2-2: Ball
3-2: Fly out, F7 (Flyball, 7, EV 93.1 MPH)
Top of the 9th over - 0 runs, 0 hits, 0 errors, 0 left on base; Minnesota 7 - Oakland 10
Thursday, April 18th , 2024 - OOTP Baseball 24.10 Build 82